 Dungeon Crawl Stone Soup version 0.31-a0-1300-gb6740aa4e6 (webtiles) character file.

Game seed: 12780646981163996911

232 Ekaitz the Firebug (level 5, 0/37 HPs)
             Began as a Demonspawn Fire Elementalist on Dec 19, 2023.
             Was a Follower of Uskayaw.
             Slain by a hobgoblin (1 damage)
             ... led by Robin
             ... on level 3 of the Dungeon.
             The game lasted 00:07:58 (2243 turns).

Ekaitz the Firebug (Demonspawn Fire Elementalist)   Turns: 2243, Time: 00:07:59

Health: 0/37       AC:  3    Str:  8    XL:     5   Next: 73%
Magic:  0/9        EV: 13    Int: 17    God:    Uskayaw [*.....]
Gold:   166        SH:  0    Dex: 22    Spells: 0/9 levels left

rFire   . . .        e - +2 dagger (freeze)
rCold   . . .        (no shield)
rNeg    . . .        a - +0 robe
rPois   .            (no helmet)
rElec   .            (no cloak)
rCorr   .            i - +0 pair of gloves
SInv    .            (no boots)
Will    .....        q - amulet of the acrobat
Stlth   ++++         h - +6 ring of dexterity
HPRegen 0.26/turn    (no ring)
MPRegen 0.11/turn

%: acrobat
@: no status effects
A: thin skeletal structure 1, demonic magic 1
a: Renounce Religion, Stomp


You were on level 3 of the Dungeon.
You worshipped Uskayaw.
Uskayaw was noncommittal.
You visited 1 branch of the dungeon, and saw 3 of its levels.

You collected 166 gold pieces.

Inventory:

Hand Weapons
 e - a +2 dagger of freezing (weapon)
 l - the +3 whip of Ipse Dixit {freeze, Int+2}
   (You found it on level 2 of the Dungeon)

   Int+2:     It affects your intelligence (+2).
 t - a +3 short sword
Missiles
 g - a throwing net
 s - 5 poisoned darts
Armour
 a - a +0 robe (worn)
 d - an orb of wrath
 i - a +0 pair of gloves (worn)
Magical Staves
 f - a staff of earth
 r - a staff of cold
Jewellery
 h - a +6 ring of dexterity (left hand)
 q - an amulet of the acrobat (around neck)
Talismans
 o - a dragon-blood talisman
Scrolls
 c - a scroll of revelation {unknown}
 j - a scroll of brand weapon {unknown}
 k - a scroll of teleportation {unknown}
 m - a scroll of identify {unknown}
Potions
 b - a potion of magic
 n - a potion of cancellation {unknown}
 p - a potion of curing {unknown}


   Skills:
 * Level 1.5 Fighting
 + Level 0.6 Short Blades
 * Level 2.4 Dodging
 + Level 2.9 Stealth
 + Level 2.7 Spellcasting
 * Level 2.2 Conjurations
 * Level 0.1 Hexes
 * Level 0.9 Translocations
 * Level 3.5 Fire Magic
 * Level 0.1 Invocations


You couldn't memorise any spells.
You knew the following spells:

 Your Spells              Type           Power      Damage    Failure   Level
a - Foxfire               Conj/Fire      48%        2x1d6     5%          1
b - Scorch                Fire           28%        2d6       6%          2
c - Volatile Blastmotes   Fire/Tloc      20%        2d11      22%         3
i - Inner Flame           Hex/Fire       8%         N/A       26%         3

Your spell library contained the following spells:

 Spells                   Type           Power      Damage    Failure   Level
 Flame Wave               Conj/Fire      12%        2d6       47%         4


Dungeon Overview and Level Annotations

Branches:
Dungeon (3/15)

Altars:
Uskayaw

Annotations:
D:3 Robin


Innate Abilities, Weirdness & Mutations

You have a somewhat thin skeletal structure. (Dex +2, Stealth+)
Spells you cast may paralyse adjacent enemies.


Message History

Okay, then.
You hit the goblin. You freeze the goblin.
You kill the goblin!
Robin barely misses you. The hobgoblin barely misses you.
The hobgoblin misses you. x2; The goblin hits you with a +0 club.
* * * LOW HITPOINT WARNING * * *
The hobgoblin misses you.
You can now pass through a line of other dancers.
Robin completely misses you. The hobgoblin completely misses you.
The hobgoblin misses you.
Things that are here:
a +0 club; a goblin corpse Unknown command.
You hit the hobgoblin. You freeze the hobgoblin.
You kill the hobgoblin!
Robin barely misses you. The hobgoblin misses you.
The hobgoblin hits you but does no damage.
The hobgoblin hits you.
* * * LOW HITPOINT WARNING * * *
Your magical contamination has completely faded away.
Robin completely misses you. The goblin misses you.
Unknown command.
Okay, then.
You hit the goblin. You freeze the goblin.
The goblin is severely wounded.
The hobgoblin barely misses you. Robin misses you. The hobgoblin hits you.
* * * LOW HITPOINT WARNING * * *
The goblin hits you but does no damage. The hobgoblin barely misses you.
Unknown command.
You stomp with the beat, sending a shockwave through the revellers around you!
The hobgoblin is severely wounded.
The hobgoblin is almost dead.
Robin is heavily wounded.
The hobgoblin is almost dead.
You kill the goblin!
You can no longer pass through a line of other dancers.
The hobgoblin hits you.
* * * LOW HITPOINT WARNING * * *
The hobgoblin hits you.
You die...

.....)....##.# ..#
####'###'###'## ...#
#..#.......#.. ...#
####..#.......#..
#..###..'..+###'###'..
#......##..#.+...'.#..
#.......#..#.#...#†#..
#....g)†)##§.#._.#.+##
#....@gg#..#.#...#.#
#....gg.#..#.'...+.#
#######.+..+###+###+
###..# #..# ###+ #####
#....


You could see Robin and 4 hobgoblins.

Vanquished Creatures
  An ice beast (D:3)
  Jessica (D:2)
  4 adders
  3 worms
  8 orcs (D:3)
  4 ball pythons
  4 bats
  6 endoplasms
  A giant cockroach (D:1)
  7 goblins
  6 hobgoblins
  4 jackals (D:3)
  4 kobolds
  A quokka (D:1)
  4 frilled lizards
  7 rats
65 creatures vanquished.

Vanquished Creatures (others)
  113 foxfires
113 creatures vanquished.

Grand Total: 178 creatures vanquished

Notes
Turn   | Place    | Note
-------+----------+-------------------------------------------
     0 | D:1      | Ekaitz the Demonspawn Fire Elementalist began the quest for
                  | the Orb.
     0 | D:1      | Reached XP level 1. HP: 13/13 MP: 3/3
   437 | D:1      | Reached skill level 3 in Fire Magic
   437 | D:1      | Gained mutation: Spells you cast may paralyse adjacent
                  | enemies. [demonic ancestry]
   437 | D:1      | Reached XP level 2. HP: 13/19 MP: 0/5
   440 | D:1      | Learned a level 2 spell: Scorch
   862 | D:2      | Noticed Jessica
   870 | D:2      | Killed Jessica
   871 | D:2      | Reached skill level 1 in Fighting
   871 | D:2      | Gained mutation: You have a somewhat thin skeletal
                  | structure. (Dex +2, Stealth+) [demonic ancestry]
   871 | D:2      | Reached XP level 3. HP: 26/26 MP: 4/6
   880 | D:2      | Learned a level 3 spell: Volatile Blastmotes
   954 | D:2      | Reached XP level 4. HP: 32/32 MP: 5/7
  1517 | D:2      | Identified the +3 whip of Ipse Dixit {freeze, Int+2}
  2036 | D:3      | Noticed an ice beast
  2043 | D:3      | Killed an ice beast
  2044 | D:3      | Reached XP level 5. HP: 37/37 MP: 0/8
  2048 | D:3      | Learned a level 3 spell: Inner Flame
  2199 | D:3      | Found a hide-covered altar of Uskayaw.
  2219 | D:3      | Became a worshipper of Uskayaw the Reveller
  2230 | D:3      | Identified the +0 helmet of Hughyuw {+Blink rC+ Slay+2}
  2230 | D:3      | Noticed Robin
  2231 | D:3      | Reached * piety under Uskayaw
  2238 | D:3      | Reached ** piety under Uskayaw
  2243 | D:3      | HP: 1/37 [hobgoblin[Robin] (2)]
  2243 | D:3      | Slain by a hobgoblin

Illustrated notes

Levels and vault maps discovered:
D:1:      spicycebolla_arrival_transporter_tutorial, layout_rooms,
          minmay_tromino_i4
D:2:      layout_basic, uniq_jessica
D:3:      layout_basic, mainiacjoe_overflow_24_doors, glass_columns_c,
          uniq_robin

Skill      XL: |  1  2  3  4 |
---------------+-------------+-----
Fire Magic     | 3 |  3.5
Fighting       | 1 |  1.5
Dodging        | 2 |  2.4
Stealth        | 2 |  2.9
Conjurations   | 2 |  2.2
Short Blades   | |  0.6
Spellcasting   | |  2.7
Hexes          | |  0.1
Translocations | |  0.9
Invocations    | |  0.1

Action                     |  1- 3 |  4- 6 || total
---------------------------+-------+-------++-------
  Melee: Dagger            |    20 |    63 ||    83
         Punch             |       |     1 ||     1
   Cast: Foxfire           |    31 |    34 ||    65
         Scorch            |     1 |     6 ||     7
 Invoke: Stomp             |       |     1 ||     1
   Stab: Paralysed         |     6 |     6 ||    12
         Sleeping          |     3 |    10 ||    13
 Armour: Robe              |     8 |    37 ||    45
  Dodge: Dodged            |    11 |    61 ||    72

Table legend: (Time is in decaauts)
 A = Elapsed time spent in this place.
 B = Non-inter-level travel time spent in this place.
 C = Inter-level travel time spent in this place.
 D = Time resting spent in this place.
 E = Time spent auto-exploring this place.
 F = Levels seen in this place.
 G = Mean time per level.
                   A        B        C        D        E       F      G
               +--------+--------+--------+--------+--------+-----+--------+
         Total |   2238 |   2177 |     61 |     40 |   1613 |   3 |  746.0 |
       Dungeon |   2238 |   2177 |     61 |     40 |   1613 |   3 |  746.0 |
               +--------+--------+--------+--------+--------+-----+--------+

Top non-repeatable levels by time:
     D:2: 1003 daAuts
     D:1: 728 daAuts
     D:3: 506 daAuts
